 Dungeon Crawl Stone Soup version 0.19-a0-82-gd3566c2 (webtiles) character file.

163 Duffy the Ruffian (level 5, -5/29 HPs)
             Began as a Gargoyle Transmuter on May 14, 2016.
             Killed by divine providence
             ... invoked by an orc priest
              (13 damage)
             ... on level 3 of the Dungeon.
             The game lasted 00:03:46 (3626 turns).

Duffy the Ruffian (Gargoyle Transmuter)             Turns: 3626, Time: 00:03:46

Health: -5/29      AC:  2    Str: 14    XL:     5   Next: 44%
Magic:  5/8        EV: 23    Int: 14    God:
Gold:   186        SH:  0    Dex: 15    Spells: 3 memorised, 2 levels left

rFire  . . .     SeeInvis .       - Unarmed
rCold  . . .     Gourm    .     (armour currently unavailable)
rNeg   + . .     Faith    .     (shield currently unavailable)
rPois  ∞         Spirit   .     (helmet currently unavailable)
rElec  .         Dismiss  .     (cloak currently unavailable)
rCorr  .         Reflect  .     (gloves currently unavailable)
SustAt .         Harm     .     (boots currently unavailable)
MR     .....                    (no amulet)
Stlth  +.........               (no ring)
                                e - +4 ring of evasion

@: spider-form, not resistant to hostile enchantments, very unstealthy
A: negative energy resistance 1, (electricity resistance), (unbreathing),
petrification resistance, rot immunity, AC +4
a: End Transformation


You were on level 3 of the Dungeon.
You were hungry.
You were a venomous arachnid creature.
You visited 1 branch of the dungeon, and saw 3 of its levels.

You collected 186 gold pieces.


Innate Abilities, Weirdness & Mutations

You are resistant to torment.
((Your stone body is resilient (AC +4).))
You are immune to poison.
You resist negative energy.
((You are resistant to electric shocks.))
((You can survive without breathing.))
You are immune to petrification.
You are immune to rotting.


   Skills:
 - Level 1.5 Fighting
 - Level 1.5 Dodging
 + Level 5.1 Unarmed Combat
 - Level 2.0 Spellcasting
 + Level 2.0 Transmutations
 - Level 2.0 Poison Magic


You had 2 spell levels left.
You knew the following spells:

 Your Spells              Type           Power        Failure   Level  Hunger
a - Spider Form           Trmt/Pois      #.........   52%         3    ####...
b - Sticks to Snakes      Trmt           #.......     36%         2    ###....
c - Beastly Appendage     Trmt           #.....       28%         1    ##.....

Inventory:

Missiles
 a - 26 arrows
 h - 29 poisoned needles
Armour
 b - a +0 robe (melded)
Jewellery
 e - a +4 ring of evasion (left front leg)
Scrolls
 m - 3 scrolls of remove curse {unknown}
 q - a scroll of random uselessness {unknown}
 s - a scroll of noise {unknown}
 t - a scroll of enchant armour {unknown}
 u - a scroll of teleportation {unknown}
 x - a scroll of magic mapping {unknown}
Potions
 f - 2 potions of curing {unknown}
 i - a potion of flight {unknown}
 j - a potion of magic {unknown}
 k - a potion of degeneration {unknown}
 l - a potion of heal wounds {unknown}
 o - a potion of might {unknown}
 p - a potion of lignification {unknown}
 v - a potion of resistance {unknown}
Books
 c - a book of Changes
Comestibles
 d - 3 bread rations
 g - 2 meat rations
 n - a beef jerky
 r - 4 chunks of flesh
 w - a slice of pizza

Dungeon Overview and Level Annotations

Branches:
Dungeon (3/15)

Altars:
Pakellas
Xom


Message History

The kobold is heavily wounded.
The kobold closely misses you.
You closely miss the kobold.
The kobold is severely wounded.
You kill the kobold!
You hit the worm.
The worm is poisoned.
The worm is lightly wounded.
You hit the worm.
The worm looks even sicker.
The worm is moderately wounded.
The worm barely misses you.
You hit the worm.
The worm is heavily wounded.
The worm closely misses you.
You bite the worm!
The worm is almost dead.
You hit the worm.
You kill the worm!
No target in view!
Your transformation has ended.
Your +0 robe unmelds from your body.
You see here a worm corpse.
You butcher the worm corpse.
r - 4 chunks of flesh (gained 2) Magic restored.
There is a stone staircase leading down here.
You are feeling hungry.
The orc shouts!
The orc priest shouts!
The orc hits you but does no damage.
Cast which spell? (? or * to list)
You turn into a venomous arachnid creature.
Your +0 robe melds into your body.
The orc barely misses you.
You barely miss the orc. The orc closely misses you.
The orc priest invokes the aid of Beogh against you.
Beogh smites you!
You hit the orc but do no damage.
The orc is poisoned.
The orc misses you.
You bite the orc!
You kill the orc!
Your Transmutations skill increases to level 2!
The orc hits you but does no damage.
Things that are here:
a dagger; a leather armour; a scroll labeled KAYR TUSCHASM You hit the orc.
The orc is poisoned.
The orc is heavily wounded.
You hit the orc.
You kill the orc!
The orc priest mumbles some strange prayers to Beogh against you.
Pain shoots through your body!
The orc priest invokes the aid of Beogh against you.
Beogh smites you!
You die... #.# #.### #oo

....# ###.#.###
....... #.#.#
#...# #.#.#
#..##.#)# ##
#..##.#s# ..
#..##.#o# ..
#..##.#.# ..
#..##.#.# ..
#..##.#.. ..
#..##.###
##########..##.#
............##.#
.##########.##.#


You could see an orc priest.

Action                   |  1- 3 |  4- 6 || total
-------------------------+-------+-------++-------
Melee: Unarmed           |   171 |   151 ||   322
       Punch             |     1 |     2 ||     3
 Cast: Spider Form       |       |     3 ||     3
  Eat: Chunk             |     3 |     6 ||     9
Armor: Robe              |    49 |    25 ||    74
       Skin              |       |     1 ||     1
Dodge: Dodged            |   116 |   102 ||   218

Notes
Turn   | Place    | Note
--------------------------------------------------------------
     0 | D:1      | Duffy the Gargoyle Transmuter began the quest for the Orb.
     0 | D:1      | Reached XP level 1. HP: 12/12 MP: 3/3
   123 | D:1      | Reached XP level 2. HP: 16/16 MP: 5/5
   134 | D:1      | Learned a level 2 spell: Sticks to Snakes
  1183 | D:1      | Reached XP level 3. HP: 19/20 MP: 6/6
  1191 | D:1      | Reached skill level 4 in Unarmed Combat
  1378 | D:2      | Found an oddly glowing altar of Pakellas.
  1426 | D:2      | Learned a level 3 spell: Spider Form
  1771 | D:2      | Reached skill level 1 in Poison Magic
  1929 | D:2      | Reached XP level 4. HP: 25/25 MP: 7/7
  2593 | D:3      | Found a shimmering altar of Xom.
  2595 | D:3      | Found a shimmering altar of Xom.
  2596 | D:3      | Found a shimmering altar of Xom.
  2596 | D:3      | Found a shimmering altar of Xom.
  2596 | D:3      | Found a shimmering altar of Xom.
  2754 | D:3      | Noticed Natasha
  2760 | D:3      | Killed Natasha
  3106 | D:3      | Reached XP level 5. HP: 29/29 MP: 8/8
  3152 | D:3      | Noticed Natasha
  3169 | D:3      | Killed Natasha
  3169 | D:3      | Reached skill level 5 in Unarmed Combat
  3396 | D:3      | Reached skill level 2 in Poison Magic
  3622 | D:3      | Reached skill level 2 in Transmutations
  3626 | D:3      | Killed from afar by an orc priest

Skill      XL: |  1  2  3  4  5 |
---------------+----------------+-----
Unarmed Combat | 4 5 |  5.1
Poison Magic   | 1 2 |  2.0
Transmutations | 2 |  2.0
Fighting       | |  1.5
Dodging        | |  1.5
Spellcasting   | |  2.0

Vault maps used:
D:1:      dpeg_arrival_houses_and_road
D:2:      grunt_pakellas_basics
D:3:      xom_redecorated, uniq_natasha

Vanquished Creatures
  Natasha (twice)
  2 adders
  An ooze
  3 worms
  4 dart slugs
  3 orcs
  2 giant cockroaches
  10 goblins
  5 hobgoblins
  9 jackals
  9 kobolds
  A quokka
  9 bats
  2 giant newts
  7 rats
69 creatures vanquished.
